 Dungeon Crawl Stone Soup version 0.27.1-2-g3b301248ec (webtiles) character file.

Game seed: 1424154310475664355

3106 Borgoz the Fighter (level 9, -12/59 HPs)
             Began as a Gargoyle Berserker on Sept 22, 2021.
             Was a High Priest of Trog.
             Mangled by an orc knight (27 damage)
             ... in a bailey.
             The game lasted 00:11:42 (11258 turns).

Borgoz the Fighter (Gargoyle Berserker)            Turns: 11258, Time: 00:11:43

Health: -12/59     AC: 14    Str: 23    XL:     9   Next: 90%
Magic:  9/9        EV: 16    Int: 15    God:    Trog [*****.]
Gold:   381        SH:  0    Dex: 22    Spells: 8/8 levels left

rFire    . . .     SeeInvis .   E - +0 flail
rCold    . . .     Faith    +   (no shield)
rNeg     + + +     Spirit   .   b - +0 animal skin
rPois    ∞         Reflect  .   D - +2 helmet
rElec    +         Harm     .   (no cloak)
rCorr    +         Rampage  .   k - +1 pair of gloves {Str+3}
Will     .....                  (no boots)
Stlth    ++........             a - amulet of faith
HPRegen  0.19/turn              j - +6 ring of dexterity
MPRegen  0.11/turn              e - ring "Riekeox" {rPois rN++ rCorr Int+6 Dex+4}

@: on berserk cooldown, slowed, very slow
A: sickness immunity, AC +6, negative energy resistance 1, electricity
resistance, torment resistance 1, petrification resistance
a: Renounce Religion, Berserk, Trog's Hand, Brothers in Arms


You were in a bailey.
You worshipped Trog.
Trog was extremely pleased with you.
You visited 1 branch of the dungeon, and saw 8 of its levels.
You also visited: Bailey.

You collected 381 gold pieces.

Inventory:

Hand Weapons
 s - the +8 dagger "Zireuwumpi" {vamp, rCorr}
   (You found it on level 4 of the Dungeon)

   It occasionally heals its wielder for a portion of the damage dealt when it
   wounds a living foe.
   rCorr:     It protects you from acid and corrosion.
 x - a +0 morningstar
 E - a +0 flail (weapon)
Missiles
 d - a throwing net (quivered)
Armour
 b - a +0 animal skin (worn)
 k - a +1 pair of gloves of strength (worn)
 D - a +2 helmet (worn)
Jewellery
 a - an amulet of faith (around neck)
 e - the ring "Riekeox" (right hand) {rPois rN++ rCorr Int+6 Dex+4}
   (You acquired it in a bailey)

   [ring of intelligence]

   Int:       It affects your intelligence (+6).
   Dex:       It affects your dexterity (+4).
   rPois:     It protects you from poison.
   rN:        It greatly protects you from negative energy.
   rCorr:     It protects you from acid and corrosion.
 j - a +6 ring of dexterity (left hand)
 u - a ring of protection from cold
 v - a ring of flight
Wands
 h - a wand of acid (13)
 n - a wand of flame (28)
 B - a wand of paralysis (17)
Scrolls
 c - 2 scrolls of blinking
 f - 2 scrolls of magic mapping
 i - a scroll of enchant weapon
 w - a scroll of enchant armour
 y - 2 scrolls of fog
 A - 3 scrolls of teleportation
Potions
 g - a potion of heal wounds
 l - a potion of mutation {unknown}
 m - a potion of haste {unknown}
 o - 3 potions of invisibility
 p - a potion of cancellation {unknown}
 t - a potion of curing
 C - a potion of berserk rage
 F - a potion of might


   Skills:
 + Level 8.1 Fighting
 + Level 7.4 Maces & Flails
 + Level 7.7 Armour
 + Level 5.8 Dodging


You had 8 spell levels left.
You didn't know any spells.
Your spell library was empty.

Dungeon Overview and Level Annotations

Branches:
Dungeon (8/15)             Temple (0/1) D:7          Bailey (1/1)
   Lair: D:8-11

Altars:
Ashenzari
Hepliaklqana
Ru
Sif Muna

Shops:
D:1 (   D:4 ?   D:6 *


Innate Abilities, Weirdness & Mutations

You are immune to sickness and miasma.
Your stone body is resilient. (AC +6)
You are immune to poison.
You resist negative energy. (rN+)
You are resistant to electric shocks. (rElec)
You are resistant to unholy torment.
You are immune to petrification.


Message History

The orc knight closely misses you.
The hobgoblin hits you with a +0 hand axe.
You closely miss the orc knight.
The orc knight is severely wounded.
The orc knight hits you with a +0 broad axe.
You closely miss the orc knight.
The orc knight is severely wounded.
The hobgoblin completely misses you.
You hit the orc knight but do no damage.
The orc knight is severely wounded.
The orc knight closely misses you. The hobgoblin misses you.
You barely miss the orc knight.
The orc knight is severely wounded.
You are no longer berserk.
You are exhausted.
You feel yourself slow down.
The orc knight hits you with a +0 broad axe!
The hobgoblin barely misses you.
You are too injured to fight recklessly!
You thump the orc knight!
The orc knight is almost dead.
The orc knight hits you with a +0 broad axe.
The hobgoblin misses you.
You hit the orc knight but do no damage.
The orc knight is almost dead.
The orc knight hits you with a +0 broad axe.
* * * LOW HITPOINT WARNING * * *
The hobgoblin closely misses you. The orc knight closely misses you.
The hobgoblin closely misses you.
You barely miss the orc knight.
The orc knight is severely wounded.
The orc knight hits you with a +0 broad axe.
* * * LOW HITPOINT WARNING * * *
The hobgoblin barely misses you.
You closely miss the orc knight.
The orc knight is severely wounded.
The orc knight hits you but does no damage.
The hobgoblin closely misses you.
The orc knight hits you with a +0 broad axe!!
You die...

♣♣♣.♣.♣♣♣ ###.#+#.....#
♣.....♣.♣###.....###.###
♣♣......##.........###
♣.......#...........#
♣♣.......'....)).....#
♣...∩.∩..'.....).....#
♣♣.......'..g..).....#
♣......og#...........#
♣♣......@##.........###
♣......♣♣###....)###.###
♣♣..♣.♣♣ ###.#o#.....#
♣♣♣♣♣♣ ###........
#......g.. #.........
#.....⌠... #.........
#.........


You could see an orc knight and a hobgoblin.

Vanquished Creatures
  Duvessa (D:7)
  A water moccasin (D:5)
  6 orc warriors
  A hornet zombie (D:5)
  3 ice beasts
  2 sky beasts
  An ogre (D:7)
  A necrophage (D:6)
  A centaur (D:6)
  A gnoll sergeant (D:7)
  2 scorpions
  Dowan (D:7)
  3 water moccasin skeletons
  An electric eel (D:7)
  A howler monkey (D:6)
  A bullfrog zombie (D:7)
  2 centaur zombies
  2 orc priests
  2 jellies
  A bullfrog skeleton (D:5)
  3 iguanas
  Natasha (thrice) (D:4)
  9 orc wizards
  18 gnolls
  2 howler monkey skeletons
  4 adders
  2 shadow imps
  A white imp (D:5)
  An ufetubus (D:6)
  A worm (D:2)
  4 dart slugs
  41 orcs
  10 ball pythons
  9 endoplasms
  24 goblins
  16 hobgoblins
  3 kobolds
  A quokka (D:2)
  7 bats
  6 frilled lizards
  4 rats
203 creatures vanquished.

Vanquished Creatures (others)
  An orc priest (D:7)
  An orc wizard (D:6)
  An orc (D:7)
3 creatures vanquished.

Grand Total: 206 creatures vanquished

Notes
Turn   | Place    | Note
-------+----------+-------------------------------------------
     0 | D:1      | Borgoz the Gargoyle Berserker began the quest for the Orb.
     0 | D:1      | Reached XP level 1. HP: 14/14 MP: 1/1
    33 | D:1      | Found Zed Jaqu's Weapon Emporium.
    65 | D:1      | Found a faded altar of an unknown god.
   153 | D:1      | Reached XP level 2. HP: 19/19 MP: 2/2
   799 | D:2      | Reached XP level 3. HP: 24/24 MP: 3/3
   893 | D:2      | Reached ** piety under Trog
  1050 | D:2      | Reached skill level 4 in Fighting
  1050 | D:2      | Reached XP level 4. HP: 13/29 MP: 4/4
  2209 | D:2      | Reached XP level 5. HP: 23/33 MP: 5/5
  3884 | D:4      | Identified the +8 dagger "Zireuwumpi" {vamp, rCorr}
  3980 | D:4      | Found Ryonuw's Magic Scroll Boutique.
  4099 | D:4      | Noticed Natasha
  4106 | D:4      | Killed Natasha
  4427 | D:4      | Noticed Natasha
  4436 | D:4      | Killed Natasha
  4729 | D:4      | Noticed Natasha
  4742 | D:4      | Killed Natasha
  4743 | D:4      | Reached XP level 6. HP: 17/39 MP: 6/6
  5048 | D:5      | Entered Level 5 of the Dungeon
  5060 | D:5      | Noticed a water moccasin
  5067 | D:5      | Killed a water moccasin
  5675 | D:5      | Reached skill level 5 in Fighting
  5675 | D:5      | Reached XP level 7. HP: 17/44 MP: 7/7
  6495 | D:5      | Reached skill level 5 in Maces & Flails
  6594 | D:5      | Reached skill level 5 in Armour
  6758 | D:6      | Reached *** piety under Trog
  6868 | D:6      | Reached XP level 8. HP: 44/51 MP: 8/8
  7301 | D:6      | Found a shimmering blue altar of Sif Muna.
  7303 | D:6      | Found a hazy altar of Hepliaklqana.
  7310 | D:6      | Reached skill level 6 in Fighting
  7585 | D:6      | Found a broken altar of Ashenzari.
  8136 | D:6      | Found Cesat's Neck Hole.
  8366 | D:7      | Noticed Dowan
  8369 | D:7      | Noticed Duvessa
  8532 | D:7      | Killed Duvessa
  8537 | D:7      | Reached skill level 7 in Fighting
  8537 | D:7      | Reached XP level 9. HP: 57/57 MP: 9/9
  8544 | D:7      | Killed Dowan
  9010 | D:7      | Reached skill level 5 in Dodging
  9352 | D:7      | Found a staircase to the Ecumenical Temple.
  9409 | D:7      | Found a sacrificial altar of Ru.
 10244 | D:8      | Identified a scroll of acquirement
 10244 | D:8      | Acquired a +1 pair of gloves of strength
 10325 | D:8      | Reached **** piety under Trog
 10405 | D:8      | Found a flagged portal.
 10440 | Bailey   | Entered a bailey
 10778 | Bailey   | Reached skill level 8 in Fighting
 10779 | Bailey   | Reached ***** piety under Trog
 10907 | Bailey   | Acquired the ring "Riekeox" {rPois rN++ rCorr Int+6 Dex+4}
 11193 | Bailey   | Noticed an orc knight
 11193 | Bailey   | Noticed an orc warlord
 11193 | Bailey   | Noticed an orc knight
 11258 | Bailey   | Mangled by an orc knight

Illustrated notes

Levels and vault maps discovered:
D:1:      dpeg_arrival_rooms_b, layout_loops_cross, serial_shops, shop,
          ebering_ecumenical_altar_webs
D:2:      layout_loops_ring, hangedman_decor_lopped, minmay_pentomino_z4
D:3:      layout_loops_corners
D:4:      layout_loops_ring, serial_shops, nicolae_square_shop, uniq_natasha
D:5:      layout_loops_corners
D:6:      layout_loops_cross, mainiacjoe_overflow_surrounded_room,
          jmf_multi_god_temple, nicolae_shop_sticking_my_neck_out
D:7:      layout_loops_ring, mainiacjoe_overflow_brackets,
          minmay_temple_entry_waves, lightli_minifort, uniq_duvessa
D:8:      layout_basic, lightli_bailey_entry_fortress
Bailey:   bailey_axe_minmay_hex_keep, bailey

Skill      XL: |  1  2  3  4  5  6  7  8  9 |
---------------+----------------------------+-----
Dodging        | 2 3 4 5 |  5.8
Fighting       | 4 5 7 8 |  8.1
Armour         | 3 4 5 6 7 |  7.7
Maces & Flails | 4 5 6 7 |  7.4

Action                   |  1- 3 |  4- 6 |  7- 9 || total
-------------------------+-------+-------+-------++-------
Melee: Mace              |    76 |   146 |   304 ||   526
       Flail             |       |       |   355 ||   355
Invok: Berserk           |     2 |     6 |     7 ||    15
       Trog's Hand       |       |       |     5 ||     5
  Use: Potion            |       |       |     1 ||     1
       Scroll            |       |       |    16 ||    16
 Stab: Sleeping          |     1 |     2 |     1 ||     4
       Distracted        |       |     1 |       ||     1
Armor: Animal skin       |    31 |    48 |   273 ||   352
Dodge: Dodged            |    55 |    88 |   552 ||   695
